 Dungeon Crawl Stone Soup version bcrawl-1.21.3 (webtiles) character file.

Game seed: 3317675164039921295

254 funkygono the Cudgeler (level 5, -8/33 HPs)
             Began as a Skeleton Reaver on Mar 27, 2020.
             Was a Follower of Vehumet.
             Killed by divine providence
             ... invoked by an orc priest
              (16 damage)
             ... on level 3 of the Dungeon.
             The game lasted 00:04:09 (1425 turns).

funkygono the Cudgeler (Skeleton Reaver)            Turns: 1425, Time: 00:04:09

Health: -8/33      AC:  8    Str: 18      XL:     5   Next: 90%
Magic:  0/10       EV: 12    Int: 13      God:    Vehumet [*.....]
Gold:   162        SH:  0    Dex:  6 (7)  Spells: 5/11 levels left

rFire    . . .     SeeInvis .   a - +0 flail
rCold    + . .     Gourm    .   (no shield)
rNeg     + + +     Faith    .   b - +0 steam dragon scales
rPois    ∞         Spirit   +   (no helmet)
rElec    .         Reflect  .   (no cloak)
rCorr    .         Harm     .   (no gloves)
MR       .....                  (no boots)
Stlth    +.........             (no amulet)
HPRegen  0.11/turn              e - +3 ring of protection
MPRegen  0.12/turn              (no ring)

@: no status effects
A: no food or potions, cold resistance 1, deterioration 1, negative energy
resistance 3, torment resistance, unbreathing, magic shield, sturdy frame 1,
spell healing
a: Renounce Religion


You were on level 3 of the Dungeon.
You worshipped Vehumet.
Vehumet was aware of your devotion.
You were not hungry.

You visited 1 branch of the dungeon, and saw 3 of its levels.

You collected 162 gold pieces.

Inventory:

Hand Weapons
 a - a +0 flail (weapon)
Missiles
 f - 646 stones (quivered)
Armour
 b - +0 steam dragon scales (worn)
Jewellery
 e - a +3 ring of protection (left hand)
Scrolls
 c - a scroll of immolation
 d - a scroll of identify


   Skills:
 + Level 3.9 Fighting
 + Level 5.9 Maces & Flails
 + Level 3.9 Dodging
 + Level 0.7 Stealth
 + Level 3.6 Spellcasting
 + Level 0.8 Conjurations
 + Level 0.7 Air Magic


You had 5 spell levels left.
You knew the following spells:

 Your Spells              Type           Power        Failure   Level  Hunger
a - Shock                 Conj/Air       #....        4%          1    N/A
b - Iskenderun's Battles  Conj/Chrm      #.......     73%         5    N/A

Your spell library contained the following spells:

 Spells                   Type           Power        Failure   Level  Hunger


Dungeon Overview and Level Annotations

Branches:
Dungeon (3/12)

Altars:


Innate Abilities, Weirdness & Mutations

You do not eat or drink.
You are immune to poison.
Your flesh is cold resistant. (rC+)
Your body sometimes deteriorates upon taking damage.
You are immune to negative energy. (rN+++)
You are immune to unholy pain and torment.
You can survive without breathing.
When hurt, damage is shared between your health and your magic reserves.
Your movements are slightly less encumbered by armour. (ER -2)
Casting spells heals you.


Message History

Aiming: Shock (safe; 4% risk of failure)
Press: ? - help, Shift-Dir - straight line, f/p - orc priest
Aim: an orc priest, wielding a +0 short sword (severely wounded)
The zap hits something.
The zap misses the orc priest.
The orc hits you but does no damage. Something hits you but does no damage.
Casting: Shock (safe; 4% risk of failure)
Confirm with . or Enter, or press ? or * to list all spells.
Aiming: Shock (safe; 4% risk of failure)
Press: ? - help, Shift-Dir - straight line, f/p - orc priest
Aim: an orc priest, wielding a +0 short sword (severely wounded)
The zap hits something.
The zap misses the orc priest.
The orc hits you but does no damage.
The orc priest calls down the wrath of Beogh upon you.
Beogh smites you!
* * * LOW HITPOINT WARNING * * *
Something hits you but does no damage. The orc hits you but does no damage.
The orc priest calls down the wrath of Beogh upon you.
Beogh smites you!
You die...

#.....###.........##.
#.....>..............
#.....####.####.#....
+.....# #.##...#..#.
#.....# #.##...#....
#.....# #.##........
####'#####.##........
#....##.#####..##.
#@...##.#####..##.
#o...+............
#....##.#####..##.
#l##.# #..... .o. >#
##..... #...+..
#<..... #..?# ##
##.#... #.).# ......
#...# ####..


You could see an orc priest, an orc and a frilled lizard.

Vanquished Creatures
  Grinder (D:3)
  An ooze (D:2)
  2 dart slugs
  4 leopard geckos
  An orc (D:3)
  2 bats
  3 giant cockroaches
  3 goblins
  7 jackals
  A quokka (D:1)
  A ball python (D:2)
  2 frilled lizards (D:1)
  7 kobolds
  5 rats
40 creatures vanquished.

Notes
Turn   | Place    | Note
-------+----------+-------------------------------------------
     0 | D:1      | funkygono the Skeleton Reaver began the quest for the Orb.
     0 | D:1      | Reached XP level 1. HP: 14/14 MP: 4/4
   118 | D:1      | Reached XP level 2. HP: 16/19 MP: 6/6
   271 | D:1      | Reached skill level 4 in Maces & Flails
   585 | D:2      | Reached XP level 3. HP: 22/23 MP: 7/7
   791 | D:2      | Reached * piety under Vehumet
   791 | D:2      | Offered knowledge of Shock by Vehumet.
   839 | D:2      | Learned a level 1 spell: Shock
  1268 | D:3      | Noticed Grinder
  1272 | D:3      | Paralysed by Grinder for 3 turns
  1284 | D:3      | Killed Grinder
  1284 | D:3      | Reached skill level 5 in Maces & Flails
  1284 | D:3      | Reached XP level 4. HP: 17/29 MP: 2/9
  1284 | D:3      | Reached XP level 5. HP: 20/33 MP: 2/10
  1397 | D:3      | Learned a level 5 spell: Iskenderun's Battlesphere
  1425 | D:3      | Killed from afar by an orc priest

Skill      XL: |  1  2  3 |
---------------+----------+-----
Maces & Flails | 4 5 |  5.9
Fighting       | |  3.9
Dodging        | |  3.9
Stealth        | |  0.7
Spellcasting   | |  3.6
Conjurations   | |  0.8
Air Magic      | |  0.7

Action                   |  1- 3 |  4- 6 || total
-------------------------+-------+-------++-------
Melee: Flail             |   112 |    10 ||   122
 Cast: Shock             |    16 |    10 ||    26
  Use: Scroll            |     3 |       ||     3
Armor: Steam dragon scal |    51 |    15 ||    66
Dodge: Dodged            |   108 |     9 ||   117
